 Dungeon Crawl Stone Soup version 0.17.1-3-g152610e (webtiles) character file.

19499 GFox the Unseen (level 12, 0/87 HPs)
             Began as a Vampire Assassin on Apr 25, 2016.
             Was a Priest of Makhleb.
             Slain by a vault guard
             ... wielding a +0 war axe of chopping
              (2 damage)
             ... on level 13 of the Dungeon on Apr 26, 2016.
             The game lasted 03:30:00 (14322 turns).

GFox the Unseen (Vampire Assassin)                 Turns: 14322, Time: 03:30:00

Health: 0/87       AC: 10    Str: 10    XL:     12   Next: 37%
Magic:  0/14       EV: 33    Int: 14    God:    Makhleb [***...]
Gold:   399        SH:  8    Dex: 29    Spells: 0 memorised, 11 levels left

rFire  + + +     SeeInvis +     a - +5 dagger
rCold  . . .     Clarity  .     F - +2 robe of the Merchant {Dex+4}
rNeg   + . .     SustAt   .     K - +1 buckler {rF+}
rPois  .         Gourm    .     x - +0 helmet
rElec  +         Spirit   +     d - +0 cloak
rCorr  .         Warding  .     R - +0 pair of gloves {archery}
rMut   .         Stasis   .     f - +2 pair of boots
MR     +....                    J - amulet of guardian spirit
Stlth  +++++++++.               M - ring "Holicut" {*Contam +Inv rElec rF+++ rN+}
                                m - ring of stealth

@: agile, regenerating quickly, somewhat resistant to hostile enchantments,
incredibly stealthy
A: fangs 3, see invisible, unbreathing
a: Minor Destruction, Lesser Servant of Makhleb, Renounce Religion, Evoke
Invisibility


You were on level 13 of the Dungeon.
You worshipped Makhleb.
Makhleb was most pleased with you.
You were very full.

You visited 2 branches of the dungeon, and saw 14 of its levels.

You collected 836 gold pieces.
You spent 437 gold pieces at shops.

Inventory:

Hand Weapons
 a - a +5 dagger (weapon)
 t - a +0 hand crossbow
 L - a +2 longbow of flaming
 P - a +4 blowgun
Missiles
 h - 58 poisoned needles
 j - 12 bolts of frost
 k - 52 bolts
 r - 11 bolts of penetration
 B - 5 needles of sleeping
 S - 45 arrows
Armour
 d - a +0 cloak (worn)
 f - a +2 pair of boots (worn)
 x - a +0 helmet (worn)
 F - the +2 robe of the Merchant (worn) {Dex+4}
   (You bought it in a shop on level 7 of the Dungeon)

   It affects your dexterity (+4).
 K - a +1 buckler of fire resistance (worn)
 R - a +0 pair of gloves of archery (worn)
Jewellery
 e - an uncursed amulet of warding
 m - a ring of stealth (left hand)
 n - an uncursed ring of fire
 q - an uncursed ring of flight
 I - an uncursed amulet of stasis
 J - an amulet of guardian spirit (around neck)
 M - the ring "Holicut" (right hand) {*Contam +Inv rElec rF+++ rN+}
   (You found it on level 11 of the Dungeon)

   [ring of invisibility]

   It renders you almost immune to fire.
   It insulates you from electricity.
   It protects you from negative energy.
   It lets you turn invisible.
   It causes magical contamination when unequipped.
Wands
 c - a wand of disintegration (19)
 p - a wand of enslavement (3)
 s - a wand of draining (4)
 v - a wand of polymorph (7)
 C - a wand of fire (6)
 E - a wand of cold (10)
 O - a wand of cold (12)
 Q - a wand of random effects (31)
Scrolls
 i - 5 scrolls of remove curse
 l - 3 scrolls of fear
 w - 2 scrolls of amnesia
 y - 3 scrolls of teleportation
 G - a scroll of enchant weapon
Potions
 b - a potion of flight
 g - 16 potions of blood
 u - a potion of curing
 A - a potion of magic
 D - 2 potions of cancellation
 H - a potion of brilliance
Books
 o - a book of Flames

   Spells                             Type                      Level
   a - Flame Tongue                   Conjuration/Fire             1
   b - Throw Flame                    Conjuration/Fire             2
   c - Conjure Flame                  Conjuration/Fire             3
   d - Inner Flame                    Hexes/Fire                   3
   e - Sticky Flame                   Conjuration/Fire             4
   f - Fireball                       Conjuration/Fire             5
 N - a book of Hinderance

   Spells                             Type                      Level
   a - Confusing Touch                Hexes                        2
   b - Confuse                        Hexes                        3
   c - Gell's Gravitas                Hexes/Translocation          3
   d - Petrify                        Transmutation/Earth          4
   e - Metabolic Englaciation         Hexes/Ice                    5
Miscellaneous
 T - a fan of gales


   Skills:
 + Level 5.8 Fighting
 + Level 8.0 Short Blades
 + Level 0.7 Crossbows
 + Level 6.2 Throwing
 + Level 12.6 Dodging
 + Level 16.3 Stealth
 + Level 4.1 Shields
 + Level 3.3 Invocations


You had 11 spell levels left.
You didn't know any spells.

Dungeon Overview and Level Annotations

Branches:
Dungeon (13/15)            Temple (1/1) D:4            Lair (0/8) D:10
    Orc (0/4) D:10         Vaults (0/5) D:13

Altars:
Ashenzari
Cheibriados
Dithmenos
Elyvilon
Fedhas
Gozag
Kikubaaqudgha
Makhleb
Nemelex Xobeh
Okawaru
Qazlal
Ru
Sif Muna
Trog
Vehumet
Xom
Yredelemnul
Zin
The Shining One

Shops:
D:7 [   D:8 =   D:10 =   D:12 [   D:13 (:*(


Innate Abilities, Weirdness & Mutations

Your natural rate of healing is unusually fast.
You have razor-sharp teeth.
You have supernaturally acute eyesight.
You can survive without breathing.


Message History

The efreet is severely wounded.
You hit the efreet. You bite the efreet, but do no damage.
The efreet is severely wounded.
The vault guard completely misses you. You block the efreet's attack.
You hit the efreet but do no damage.
The efreet is severely wounded.
You hit the efreet. Your bite misses the efreet.
The efreet is severely wounded.
The efreet completely misses you.
You hit the efreet but do no damage. You bite the efreet, but do no damage.
The efreet is severely wounded.
The vault guard completely misses you.
You hit the efreet but do no damage. You bite the efreet, but do no damage.
The efreet is severely wounded.
The efreet closely misses you.
You hit the efreet but do no damage. Your bite misses the efreet.
The efreet is severely wounded.
The vault guard hits you with a war axe of chopping!!
* * * LOW HITPOINT WARNING * * *
You die...

..............................#
..................######......#
....∩...§...§.....#....#......#
.......####'#######....#......#
.......#.............(.#......#
.......#..[............#......#
.....∩.#...............#......#
.......#.......Rp).....#......#
.......#........@......#......#
.......#...............#.....##
#####..#...............#.....# #
#..#.....###.......#.....# #
#..#.....#.#.......#.....# #
#..#######.#########.....#### #
#...........................#
#####...........................#
....[...........................#


You could see a vault guard and an efreet.

Vanquished Creatures
  5 vault guards (D:13)
  A centaur warrior (D:13)
  Pikel (D:9)
  An unseen horror (D:11)
  3 hill giants (D:13)
  3 ugly things
  A griffon (D:13)
  A centaur zombie (D:11)
  A komodo dragon (D:10)
  The ghost of DarthKuruptios the Skirmisher, a novice GrBe of Trog (D:5)
  A two-headed ogre (D:13)
  4 trolls
  Grinder (D:6)
  A trapdoor spider zombie (D:10)
  An air elemental (D:12)
  2 vampires
  A water elemental (D:12)
  Sigmund (D:6)
  A wyvern (shapeshifter) (D:13)
  A shadow (D:12)
  A deep elf mage (D:11)
  3 hippogriffs
  A hungry ghost (D:10)
  Menkaure (D:5)
  A fire elemental (D:12)
  6 sky beasts
  4 orc warriors
  6 ice beasts
  2 eyes of draining (D:5)
  6 ogres
  2 necrophages (D:10)
  2 phantoms
  A centaur (D:13)
  2 big kobolds
  6 giant frogs
  An earth elemental (D:12)
  2 gnoll sergeants
  7 scorpions
  2 killer bees (D:13)
  10 wights
  4 giant frog zombies
  11 orc wizards
  3 hounds
  3 orc priests
  5 crimson imps
  2 iguanas
  5 centaur skeletons
  7 jellies
  6 worker ants
  A killer bee zombie (D:5)
  4 mummies (D:10)
  2 worker ant zombies (D:10)
  17 gnolls
  11 adders
  3 shadow imps
  An adder skeleton (D:5)
  5 worms
  4 giant geckos
  41 orcs
  3 giant cockroaches
  3 goblins
  9 hobgoblins
  11 jackals
  4 quokkas
  A ball python (D:4)
  3 bats (D:2)
  5 giant newts
  A jackal skeleton (D:5)
  8 kobolds
  8 rats
289 creatures vanquished.

Vanquished Creatures (collateral kills)
  A vault guard (D:13)
  2 kobold demonologists (D:12)
  A deep elf mage (D:13)
  2 vampire mosquitoes (D:13)
  A big kobold (D:12)
  A killer bee (D:13)
  2 wyvern skeletons (D:11)
  An orc priest (D:11)
  3 orcs (D:11)
  5 kobolds (D:12)
19 creatures vanquished.

Vanquished Creatures (others)
  A slave (D:9)
  2 scorpions (D:9)
  A giant frog (D:9)
  An iguana (D:9)
  An adder (D:9)
  A giant gecko (D:9)
  14 plants (D:10)
21 creatures vanquished.

Grand Total: 329 creatures vanquished

Notes
Turn   | Place    | Note
--------------------------------------------------------------
     0 | D:1      | GFox the Vampire Assassin began the quest for the Orb.
     0 | D:1      | Reached XP level 1. HP: 16/16 MP: 1/1
    58 | D:1      | Reached skill level 6 in Stealth
   284 | D:1      | Reached XP level 2. HP: 22/22 MP: 2/2
   715 | D:2      | Reached XP level 3. HP: 27/27 MP: 3/3
   846 | D:2      | Reached skill level 7 in Stealth
   847 | D:2      | Reached XP level 4. HP: 33/33 MP: 4/4
  1476 | D:3      | Found a blossoming altar of Fedhas.
  1891 | D:3      | Found a deep blue altar of Sif Muna.
  1951 | D:4      | Noticed a phantom
  2056 | D:4      | Killed a phantom
  2056 | D:4      | Reached skill level 8 in Stealth
  2056 | D:4      | Reached XP level 5. HP: 19/39 MP: 5/5
  2186 | D:4      | Reached XP level 6. HP: 46/46 MP: 6/6
  2471 | D:4      | Reached skill level 9 in Stealth
  2671 | D:4      | Noticed a hippogriff
  2675 | D:4      | Killed a hippogriff
  2675 | D:4      | Reached XP level 7. HP: 51/51 MP: 7/7
  2713 | D:4      | Noticed an ogre
  2724 | D:4      | Killed an ogre
  3116 | D:4      | Found a staircase to the Ecumenical Temple.
  3122 | Temple   | Entered the Ecumenical Temple
  3354 | Temple   | Became a worshipper of Makhleb the Destroyer
  3515 | D:5      | Entered Level 5 of the Dungeon
  3540 | D:5      | Reached skill level 10 in Stealth
  4002 | D:5      | Reached skill level 5 in Dodging
  4002 | D:5      | Reached XP level 8. HP: 18/58 MP: 8/8
  4371 | D:5      | Found a bloodstained altar of Trog.
  4418 | D:5      | Reached * piety under Makhleb
  4610 | D:5      | Noticed Menkaure
  4614 | D:5      | Killed Menkaure
  4735 | D:5      | Noticed DarthKuruptios's ghost (novice GrBe)
  4760 | D:5      | Killed DarthKuruptios's ghost
  4760 | D:5      | Reached skill level 11 in Stealth
  5629 | D:6      | Noticed Sigmund
  5643 | D:6      | Killed Sigmund
  5643 | D:6      | Reached XP level 9. HP: 64/64 MP: 9/9
  5733 | D:6      | Noticed Grinder
  5737 | D:6      | Killed Grinder
  5737 | D:6      | Reached skill level 5 in Short Blades
  5763 | D:6      | Reached skill level 12 in Stealth
  5954 | D:6      | Reached ** piety under Makhleb
  6070 | D:6      | Got a polished dagger
  6074 | D:6      | Identified the cursed +0 dagger of Indomitability {pierce, rC+ rN+++ Dex-2 SInv} (You found it on level 6 of the Dungeon)
  6394 | D:6      | Found a sparkling altar of Nemelex Xobeh.
  6710 | D:7      | Found a shimmering altar of Xom.
  6710 | D:7      | Found a shimmering altar of Xom.
  6711 | D:7      | Found a shimmering altar of Xom.
  6711 | D:7      | Found a shimmering altar of Xom.
  6714 | D:7      | Found a shimmering altar of Xom.
  7067 | D:7      | Found a basalt altar of Yredelemnul.
  7068 | D:7      | Found an ancient bone altar of Kikubaaqudgha.
  7370 | D:7      | Found Dupia's Antique Armour Shoppe.
  7401 | D:7      | Bought a heavily jewelled robe for 125 gold pieces
  7401 | D:7      | Identified the +2 robe of the Merchant {Dex+4} (You bought it in a shop on level 7 of the Dungeon)
  7883 | D:8      | Found Xaets's Jewellery Shop.
  7886 | D:8      | Bought an uncursed ring of stealth for 227 gold pieces
  8305 | D:8      | Reached skill level 13 in Stealth
  8513 | D:9      | Reached *** piety under Makhleb
  8575 | D:9      | Noticed Pikel
  8600 | D:9      | Killed Pikel
  8600 | D:9      | Reached XP level 10. HP: 71/71 MP: 10/10
  9066 | D:9      | Found a snail-covered altar of Cheibriados.
  9220 | D:9      | Identified a scroll of acquirement
  9298 | D:9      | Reached skill level 14 in Stealth
  9646 | D:10     | Entered Level 10 of the Dungeon
  9699 | D:10     | Reached **** piety under Makhleb
  9717 | D:10     | Reached skill level 10 in Dodging
  9752 | D:10     | Found a glowing golden altar of the Shining One.
 10315 | D:10     | Found Vipsilyvo's Jewellery Emporium.
 10529 | D:10     | Noticed a brown ugly thing
 10547 | D:10     | Killed a brown ugly thing
 10695 | D:10     | Reached skill level 1 in Shields
 10827 | D:10     | Found a staircase to the Lair.
 11013 | D:10     | Reached skill level 5 in Throwing
 11051 | D:10     | Found a staircase to the Orcish Mines.
 11239 | D:10     | Reached XP level 11. HP: 78/78 MP: 11/11
 11397 | D:11     | Reached skill level 5 in Fighting
 11407 | D:11     | Got a glittering brass ring
 11727 | D:11     | Reached skill level 15 in Stealth
 11733 | D:11     | Noticed an unseen horror
 11777 | D:11     | Killed an unseen horror
 11777 | D:11     | Reached skill level 1 in Invocations
 12008 | D:12     | Noticed a sun demon
 12049 | D:12     | Identified the ring "Holicut" {*Contam +Inv rElec rF+++ rN+} (You found it on level 11 of the Dungeon)
 12325 | D:12     | Found Terad's Antique Armour Shoppe.
 12333 | D:12     | Bought a pair of runed gloves for 85 gold pieces
 12833 | D:12     | Found a large runed door.
 12833 | D:12     | Found a large runed door.
 12919 | D:13     | Found Tuwep's Weapon Emporium.
 12996 | D:13     | Noticed a vault guard
 12996 | D:13     | Noticed a vault guard
 13010 | D:13     | Found a gate to the Vaults.
 13010 | D:13     | Noticed a vault guard
 13010 | D:13     | Noticed a vault guard
 13010 | D:13     | Noticed a vault guard
 13011 | D:13     | Noticed a vault guard
 13011 | D:13     | Noticed a vault guard
 13011 | D:13     | Noticed a vault guard
 13147 | D:13     | Killed a vault guard
 13328 | D:13     | Found Janef's Book Shop.
 13375 | D:13     | Killed a vault guard
 13664 | D:13     | Noticed a hill giant
 13667 | D:13     | Killed a hill giant
 13810 | D:13     | Killed a vault guard
 13837 | D:13     | Noticed a centaur warrior
 13861 | D:13     | Killed a centaur warrior
 13861 | D:13     | Reached XP level 12. HP: 78/86 MP: 11/14
 13891 | D:13     | Found Sogul's General Store.
 13892 | D:13     | Found Hiniv's Antique Weapon Shop.
 13904 | D:13     | Killed a vault guard
 14003 | D:13     | Killed a vault guard
 14066 | D:13     | Killed a vault guard
 14066 | D:13     | Reached skill level 16 in Stealth
 14100 | D:13     | Noticed a hill giant
 14127 | D:13     | Killed a hill giant
 14266 | D:13     | Noticed a hill giant
 14297 | D:13     | Killed a hill giant
 14322 | D:13     | HP: 2/87 [vault guard/war axe of chopping (27)]
 14322 | D:13     | Slain by a vault guard

Action                   |  1- 3 |  4- 6 |  7- 9 | 10-12 || total
-------------------------+-------+-------+-------+-------++-------
Melee: Dagger            |    78 |   111 |   396 |   862 ||  1447
       Unarmed           |       |       |       |     7 ||     7
 Fire: Blowgun           |     5 |    30 |    42 |    97 ||   174
       Hand crossbow     |       |       |     8 |       ||     8
Invok: Lesser Servant of |       |       |       |    18 ||    18
       Major Destruction |       |       |       |     3 ||     3
 Abil: End Transformatio |       |       |     2 |     1 ||     3
       Bat Form          |       |       |     2 |     1 ||     3
  Use: Scroll            |     6 |     3 |    16 |     6 ||    31
       Potion            |       |     3 |    14 |    29 ||    46
 Stab: Sleeping          |     8 |    20 |    26 |    41 ||    95
       Distracted        |     1 |       |     2 |    12 ||    15
       Invisible         |       |       |     2 |       ||     2
  Eat: Corpse            |    10 |     8 |       |    14 ||    32
